 Dungeon Crawl Stone Soup version 0.22.1-6-g1668fe2 (webtiles) character file.

203 nicolaieve the Cudgeler (level 5, -1/67 HPs)
             Began as a Minotaur Berserker on Jan 25, 2019.
             Was a Believer of Trog.
             Slain by an orc
             ... wielding a +0 mace
              (3 damage)
             ... on level 3 of the Dungeon on Jan 26, 2019.
             The game lasted 00:07:22 (1975 turns).

nicolaieve the Cudgeler (Minotaur Berserker)        Turns: 1975, Time: 00:07:23

Health: -1/67      AC:  8    Str: 24    XL:     5   Next: 51%
Magic:  4/4        EV:  9    Int:  4    God:    Trog [**....]
Gold:   154        SH:  0    Dex: 11    Spells: 4/4 levels left

rFire    . . .     SeeInvis .   a - +0 mace
rCold    . . .     Gourm    .   (no shield)
rNeg     + . .     Faith    .   t - +0 chain mail
rPois    .         Spirit   .   (helmet restricted)
rElec    .         Reflect  .   (no cloak)
rCorr    .         Harm     .   (no gloves)
MR       ++...                  (no boots)
Stlth    ..........             n - amulet of inaccuracy (curse)
HPRegen  1.21/turn              p - ring of positive energy
MPRegen  0.09/turn              u - -2 ring of strength (curse)

@: berserking, regenerating, very quick
A: retaliatory headbutt, horns 2
a: Berserk, Trog's Hand, Renounce Religion


You were on level 3 of the Dungeon.
You worshipped Trog.
Trog was pleased with you.
You were very hungry.

You visited 1 branch of the dungeon, and saw 3 of its levels.

You collected 154 gold pieces.

Inventory:

Hand Weapons
 a - a +0 mace (weapon)
Missiles
 f - 25 sling bullets
Armour
 b - a +0 animal skin
 k - a +0 leather armour
 t - a +0 chain mail (worn)
Jewellery
 n - a cursed amulet of inaccuracy (around neck)
 p - a ring of positive energy (left hand)
 s - a +5 ring of intelligence
 u - a cursed -2 ring of strength (right hand)
Scrolls
 d - a scroll of remove curse {unknown}
 g - a scroll of fog {unknown}
 i - 4 scrolls of teleportation
 m - a scroll of amnesia {unknown}
 o - a scroll of magic mapping {unknown}
 q - a scroll of noise {unknown}
 v - a scroll of enchant weapon {unknown}
Potions
 e - 3 potions of might {unknown}
 h - 2 potions of berserk rage {unknown}
 j - a potion of heal wounds {unknown}
 l - 2 potions of haste {unknown}
 w - a potion of cancellation {unknown}
 x - a potion of degeneration {unknown}
 z - a potion of curing {unknown}
Comestibles
 c - 7 rations


   Skills:
 - Level 3.6 Fighting
 + Level 7.6 Maces & Flails
 - Level 2.4 Armour
 - Level 2.2 Dodging


You had 4 spell levels left.
You didn't know any spells.
Your spell library was empty.

Dungeon Overview and Level Annotations

Branches:
Dungeon (3/15)

Altars:
Cheibriados
Uskayaw


Innate Abilities, Weirdness & Mutations

You reflexively headbutt those who attack you in melee.
You have a pair of horns on your head.


Message History

A red film seems to cover your vision as you go berserk!
You feel yourself moving faster!
You feel mighty!
You are feeling very hungry.
The orc hits you.
* * * LOW HITPOINT WARNING * * *
The orc hits you but does no damage.
The orc priest hits you but does no damage.
The orc priest invokes the aid of Beogh against you.
Beogh smites you!
* * * LOW HITPOINT WARNING * * *
You thump the orc priest! You headbutt the orc priest!
You kill the orc priest!
Trog accepts your kill.
The orc hits you but does no damage. x2; The orc priest closely misses you.
You closely miss the orc. The orc hits you.
* * * LOW HITPOINT WARNING * * *
You hit the orc.
The orc is severely wounded.
The orc hits you with a mace.
You die...

#.#.##########
#.............
#############.##########
#...........#.# #......
#...........#.# #......
#...........#'####......
#...(...................
#.....o...........[.....
#....?)@................
#.....oo................
#.................####..
#...................####
#.)...............#.##..
#########...........[..#
#..########.#..# #..#
...#..# #. #####..#


You could see an orc priest and 2 orcs.

Vanquished Creatures
  2 orc priests (D:3)
  An iguana (D:2)
  Robin (D:2)
  An adder (D:2)
  An ooze (D:1)
  4 dart slugs
  11 orcs (D:3)
  12 bats
  3 giant cockroaches (D:1)
  7 hobgoblins
  3 jackals (D:1)
  2 quokkas
  2 ball pythons
  A frilled lizard (D:2)
  14 goblins
  2 kobolds (D:1)
  9 rats
76 creatures vanquished.

Notes
Turn   | Place    | Note
-------+----------+-------------------------------------------
     0 | D:1      | nicolaieve the Minotaur Berserker began the quest for the
                  | Orb.
     0 | D:1      | Reached XP level 1. HP: 19/19 MP: 0/0
    71 | D:1      | Reached skill level 4 in Maces & Flails
   105 | D:1      | Reached XP level 2. HP: 26/26 MP: 1/1
   318 | D:1      | Reached skill level 5 in Maces & Flails
   367 | D:1      | Reached XP level 3. HP: 20/31 MP: 2/2
   735 | D:2      | Reached XP level 4. HP: 22/39 MP: 3/3
   743 | D:2      | Noticed Robin
   747 | D:2      | Reached skill level 6 in Maces & Flails
   748 | D:2      | Reached ** piety under Trog
   758 | D:2      | Killed Robin
   841 | D:2      | Noticed a hand axe
   841 | D:2      | Noticed a dagger
   889 | D:2      | Found a hide-covered altar of Uskayaw.
   909 | D:2      | Found a snail-covered altar of Cheibriados.
  1650 | D:3      | Reached XP level 5. HP: 43/45 MP: 4/4
  1652 | D:3      | Reached skill level 7 in Maces & Flails
  1972 | D:3      | HP: 1/67 [orc priest/divine providence (15)]
  1975 | D:3      | Slain by an orc

Skill      XL: |  1  2  3  4  5 |
---------------+----------------+-----
Maces & Flails | 4 5 6 7 |  7.6
Fighting       | |  3.6
Armour         | |  2.4
Dodging        | |  2.2

Action                   |  1- 3 |  4- 6 || total
-------------------------+-------+-------++-------
Melee: Mace              |    56 |   101 ||   157
       Headbutt          |     9 |     8 ||    17
Invok: Berserk           |       |     4 ||     4
       Trog's Hand       |       |     4 ||     4
  Use: Scroll            |       |     1 ||     1
  Eat: Chunk             |       |     7 ||     7
Armor: Animal skin       |     7 |       ||     7
       Leather armour    |     3 |    19 ||    22
       Chain mail        |       |    21 ||    21
Dodge: Dodged            |    31 |    84 ||   115
